[ PARTIDA AOE2 · #472822481 ]
UnrankedEspañoles vs Franks
[ ANÁLISIS DE REPETICIÓN · EXTRAÍDO DE LA PARTIDA GRABADA ]
Feudal
10:09
Castillos
19:23
Imperial
36:27
| APM promedio | 32.9 |
| APM pico | 72 |
| eAPM promedio | 18.1 |
| Aldeanos / militares | 121 / 1377 |
Foco
⚔️ 46.6% · 🌾 53.4%
Spearman ×793 · Conquistador ×395 · Bombard Cannon ×115 · Militia ×40 · Battering Ram ×15 · Trebuchet (Packed) ×15
Feudal
14:31
Castillos
25:16
Imperial
37:20
| APM promedio | 21.8 |
| APM pico | 76 |
| eAPM promedio | 12.5 |
| Aldeanos / militares | 87 / 970 |
Foco
⚔️ 45.6% · 🌾 54.4%
Knight ×844 · Scorpion ×85 · Trade Cart ×41 · Trebuchet (Packed) ×31 · Fishing Ship ×10 · Scout Cavalry ×5
Feudal
13:39
Castillos
22:29
Imperial
37:02
| APM promedio | 19.8 |
| APM pico | 46 |
| eAPM promedio | 12.5 |
| Aldeanos / militares | 110 / 716 |
Foco
⚔️ 35.8% · 🌾 64.2%
Spearman ×469 · Rattan Archer ×130 · Skirmisher ×90 · Trade Cart ×24 · Trebuchet (Packed) ×13 · Mangonel ×12
Feudal
12:01
Castillos
18:42
Imperial
38:20
| APM promedio | 17.0 |
| APM pico | 60 |
| eAPM promedio | 13.4 |
| Aldeanos / militares | 121 / 660 |
Foco
⚔️ 32.1% · 🌾 67.9%
Scout Cavalry ×460 · Scorpion ×150 · Battering Ram ×30 · Trade Cart ×25 · Trebuchet (Packed) ×14 · Ballista Elephant ×5
Feudal
—
Castillos
—
Imperial
—
| APM promedio | 16.1 |
| APM pico | 53 |
| eAPM promedio | 13.9 |
| Aldeanos / militares | 91 / 487 |
Foco
⚔️ 61.0% · 🌾 39.0%
Skirmisher ×403 · Bombard Cannon ×56 · Hand Cannoneer ×15 · Janissary ×6 · Archer ×4 · Spearman ×2
Feudal
10:08
Castillos
17:27
Imperial
—
| APM promedio | 4.9 |
| APM pico | 86 |
| eAPM promedio | 3.5 |
| Aldeanos / militares | 41 / 0 |
Foco
⚔️ 4.5% · 🌾 95.5%
Mapa de la partida
Recursos iniciales + cada clic de construcción. Líneas = muros · curvas = relieve. ◆ oro · ⬟ piedra · ● bayas · ✦ reliquia · ◌ hueco del cierre
Tu base· Abierta — el rival se encerró
Base de CANAVAR· ✓ Cerrada en 25:16 · 77t muro · 2 puerta(s)
Base de Arantum· ✓ Cerrada en 22:29 · 19t muro · 1 puerta(s)
Base de Gyaterson Willjum Chode· Abierta — el rival se encerró
Base de nesliq9028· ✓ Cerrada en 16:50 · 0t muro · sin puerta
Base de Topel· Abierta — el rival se encerró
Terreno inicial suavizado · ◌ = hueco del cierre detectado · pasá el cursor para detalles
Inputs por minuto
— dre - - CANAVAR
Build order — dre
Primeras 150 de 688 acciones detectadas
| 0:00 | Crear | Villager (Male) |
| 0:01 | Crear | Villager (Male) |
| 0:03 | Construir | House |
| 0:04 | Construir | House |
| 0:51 | Crear | Villager (Male) |
| 0:51 | Crear | Villager (Male) |
| 0:51 | Crear | Villager (Male) |
| 1:32 | Crear | Villager (Male) |
| 1:49 | Construir | Lumber Camp |
| 2:04 | Crear | Villager (Male) |
| 2:20 | Crear | Villager (Male) |
| 2:55 | Crear | Villager (Male) |
| 3:16 | Crear | Villager (Male) |
| 3:39 | Crear | Villager (Male) |
| 3:39 | Crear | Villager (Male) |
| 3:55 | Crear | Villager (Male) |
| 4:02 | Construir | House |
| 4:18 | Crear | Villager (Male) |
| 4:45 | Investigar | Loom |
| 5:26 | Crear | Villager (Male) |
| 5:27 | Crear | Villager (Male) |
| 5:53 | Construir | Mill |
| 6:01 | Crear | Villager (Male) |
| 6:25 | Crear | Villager (Male) |
| 6:55 | Construir | Mill |
| 6:57 | Crear | Villager (Male) |
| 6:58 | Crear | Villager (Male) |
| 7:59 | Investigar | Feudal Age |
| 8:50 | Crear | Villager (Male) |
| 8:50 | Crear | Villager (Male) |
| 9:44 | Crear | Villager (Male) |
| 10:04 | Construir | House |
| 10:09 | Edad | Edad Feudal |
| 10:59 | Construir | House |
| 11:00 | Construir | House |
| 11:02 | Construir | House |
| 11:03 | Construir | House |
| 11:17 | Construir | Farm |
| 11:18 | Construir | Farm |
| 11:19 | Construir | Farm |
| 11:22 | Investigar | Horse Collar |
| 11:29 | Crear | Villager (Male) |
| 11:29 | Crear | Villager (Male) |
| 11:43 | Construir | House |
| 11:49 | Crear | Villager (Male) |
| 12:33 | Construir | House |
| 12:35 | Construir | House |
| 12:37 | Construir | Farm |
| 12:40 | Construir | Farm |
| 12:41 | Construir | Farm |
| 12:46 | Crear | Villager (Male) |
| 12:53 | Investigar | Double-Bit Axe |
| 13:12 | Crear | Villager (Male) |
| 13:14 | Crear | Villager (Male) |
| 13:28 | Construir | Farm |
| 13:29 | Construir | Farm |
| 13:32 | Construir | Farm |
| 13:49 | Crear | Villager (Male) |
| 14:01 | Construir | House |
| 14:03 | Construir | House |
| 14:33 | Construir | Market |
| 14:36 | Crear | Villager (Male) |
| 14:36 | Crear | Villager (Male) |
| 15:05 | Construir | Mining Camp |
| 15:08 | Crear | Villager (Male) |
| 15:24 | Construir | Blacksmith |
| 15:36 | Crear | Villager (Male) |
| 15:36 | Crear | Villager (Male) |
| 16:06 | Construir | Farm |
| 16:07 | Construir | Farm |
| 16:43 | Investigar | Castle Age |
| 17:15 | Construir | Farm |
| 17:16 | Construir | Farm |
| 17:19 | Construir | Farm |
| 17:20 | Construir | Farm |
| 17:23 | Construir | Farm |
| 19:11 | Investigar | Wheelbarrow |
| 19:11 | Crear | Villager (Male) |
| 19:11 | Crear | Villager (Male) |
| 19:12 | Crear | Villager (Male) |
| 19:14 | Crear | Villager (Male) |
| 19:23 | Edad | Edad de los Castillos |
| 19:31 | Construir | Town Center |
| 19:34 | Investigar | Gold Mining |
| 19:44 | Construir | Town Center |
| 20:10 | Construir | Monastery |
| 20:51 | Crear | Monk |
| 20:52 | Crear | Monk |
| 20:54 | Investigar | Herbal Medicine |
| 20:56 | Crear | Missionary |
| 21:03 | Crear | Missionary |
| 21:06 | Crear | Villager (Male) |
| 21:06 | Crear | Villager (Male) |
| 21:06 | Crear | Villager (Male) |
| 21:07 | Crear | Villager (Male) |
| 21:11 | Crear | Villager (Male) |
| 21:11 | Crear | Villager (Male) |
| 21:11 | Crear | Villager (Male) |
| 21:13 | Crear | Villager (Male) |
| 22:15 | Crear | Villager (Male) |
| 22:15 | Crear | Villager (Male) |
| 22:23 | Crear | Villager (Male) |
| 22:23 | Crear | Villager (Male) |
| 22:27 | Crear | Villager (Male) |
| 22:27 | Crear | Villager (Male) |
| 22:28 | Crear | Villager (Male) |
| 22:38 | Investigar | Heavy Plow |
| 22:41 | Construir | Farm |
| 22:41 | Construir | Farm |
| 22:42 | Construir | Farm |
| 22:42 | Construir | Farm |
| 22:42 | Construir | Farm |
| 22:42 | Construir | Farm |
| 22:42 | Construir | Farm |
| 22:44 | Crear | Villager (Male) |
| 22:44 | Crear | Villager (Male) |
| 22:46 | Investigar | Stone Mining |
| 22:49 | Construir | Farm |
| 22:49 | Construir | Farm |
| 22:50 | Construir | Farm |
| 22:50 | Construir | Farm |
| 22:50 | Construir | Farm |
| 22:51 | Construir | Farm |
| 22:52 | Construir | Farm |
| 22:52 | Construir | Farm |
| 22:52 | Construir | Farm |
| 22:53 | Construir | Farm |
| 23:21 | Crear | Villager (Male) |
| 23:21 | Crear | Villager (Male) |
| 23:22 | Crear | Villager (Male) |
| 23:22 | Crear | Villager (Male) |
| 23:24 | Crear | Villager (Male) |
| 23:24 | Crear | Villager (Male) |
| 23:41 | Construir | Town Center |
| 23:48 | Crear | Villager (Male) |
| 23:48 | Crear | Villager (Male) |
| 24:14 | Crear | Villager (Male) |
| 24:15 | Crear | Villager (Male) |
| 24:15 | Crear | Villager (Male) |
| 24:15 | Crear | Villager (Male) |
| 24:16 | Crear | Villager (Male) |
| 24:16 | Crear | Villager (Male) |
| 24:20 | Construir | Farm |
| 24:22 | Construir | Farm |
| 24:38 | Construir | Town Center |
| 24:45 | Construir | Farm |
| 24:47 | Crear | Villager (Male) |
| 24:47 | Crear | Villager (Male) |
| 24:48 | Crear | Villager (Male) |
| 24:48 | Crear | Villager (Male) |
Build order — CANAVAR
Primeras 150 de 615 acciones detectadas
| 0:02 | Crear | Villager (Male) ×4 |
| 0:05 | Construir | House |
| 0:07 | Construir | House |
| 1:06 | Investigar | Loom |
| 1:10 | Crear | Villager (Male) |
| 1:43 | Construir | Palisade Wall |
| 2:10 | Crear | Villager (Male) |
| 2:30 | Crear | Villager (Male) |
| 3:23 | Crear | Villager (Male) |
| 3:40 | Crear | Villager (Male) |
| 4:23 | Crear | Villager (Male) |
| 4:48 | Construir | Lumber Camp |
| 5:04 | Crear | Villager (Male) |
| 5:38 | Construir | House |
| 6:04 | Crear | Villager (Male) |
| 6:20 | Crear | Villager (Male) |
| 6:50 | Construir | House |
| 7:12 | Crear | Villager (Male) |
| 7:12 | Crear | Villager (Male) |
| 7:38 | Crear | Villager (Male) |
| 7:39 | Crear | Villager (Male) |
| 7:41 | Construir | Lumber Camp |
| 7:59 | Crear | Villager (Male) |
| 8:14 | Construir | House |
| 8:37 | Crear | Villager (Male) |
| 8:56 | Construir | Palisade Wall |
| 9:01 | Crear | Villager (Male) |
| 9:01 | Crear | Villager (Male) |
| 9:18 | Construir | House |
| 9:49 | Construir | Palisade Wall |
| 10:22 | Crear | Villager (Male) |
| 10:58 | Crear | Villager (Male) |
| 11:11 | Construir | Mining Camp |
| 11:31 | Crear | Villager (Male) |
| 11:44 | Crear | Villager (Male) |
| 12:02 | Construir | Mill |
| 12:13 | Investigar | Feudal Age |
| 13:18 | Construir | Farm |
| 13:18 | Construir | Farm |
| 13:20 | Construir | Farm |
| 13:28 | Construir | Farm |
| 13:35 | Crear | Villager (Male) |
| 13:36 | Crear | Villager (Male) |
| 14:31 | Edad | Edad Feudal |
| 14:33 | Investigar | Wheelbarrow |
| 14:34 | Crear | Villager (Male) |
| 14:35 | Crear | Villager (Male) |
| 14:35 | Investigar | Town Watch |
| 14:40 | Investigar | Double-Bit Axe |
| 15:00 | Construir | Gate |
| 15:09 | Construir | Watch Tower |
| 15:17 | Construir | Stone Wall |
| 15:54 | Construir | Farm |
| 15:54 | Construir | Farm |
| 16:01 | Construir | Mining Camp |
| 17:09 | Construir | House |
| 17:12 | Construir | House |
| 17:18 | Construir | Dock |
| 17:50 | Construir | Dock |
| 18:30 | Crear | Villager (Male) |
| 18:33 | Crear | Villager (Male) |
| 19:02 | Construir | Market |
| 19:12 | Construir | Palisade Wall |
| 19:15 | Construir | Palisade Wall |
| 19:23 | Crear | Villager (Male) |
| 19:35 | Construir | Barracks |
| 19:40 | Construir | Lumber Camp |
| 19:42 | Construir | Farm |
| 19:43 | Construir | Farm |
| 19:43 | Construir | Farm |
| 19:44 | Construir | Farm |
| 19:48 | Construir | Farm |
| 19:54 | Construir | Farm |
| 19:56 | Crear | Villager (Male) |
| 20:02 | Construir | Farm |
| 20:08 | Construir | Farm |
| 20:22 | Crear | Villager (Male) |
| 20:49 | Crear | Villager (Male) |
| 21:12 | Construir | Blacksmith |
| 21:18 | Crear | Villager (Male) |
| 21:43 | Crear | Trade Cart |
| 21:43 | Crear | Trade Cart |
| 21:45 | Crear | Villager (Male) |
| 21:56 | Crear | Villager (Male) |
| 21:56 | Investigar | Castle Age |
| 22:56 | Construir | Stable |
| 22:58 | Construir | Stable |
| 23:04 | Construir | Stable |
| 23:10 | Construir | Gate |
| 23:15 | Construir | Stable |
| 23:18 | Construir | House |
| 23:23 | Construir | Stone Wall |
| 23:26 | Crear | Demolition Raft |
| 23:26 | Crear | Demolition Raft |
| 23:35 | Crear | Fishing Ship |
| 23:35 | Crear | Fishing Ship |
| 23:35 | Crear | Fishing Ship |
| 23:37 | Crear | Demolition Raft |
| 23:37 | Crear | Demolition Raft |
| 23:39 | Crear | Fishing Ship |
| 23:39 | Crear | Fishing Ship |
| 23:39 | Crear | Fishing Ship |
| 23:50 | Construir | Stone Wall |
| 24:02 | Construir | Stable |
| 24:03 | Construir | Stable |
| 24:15 | Construir | Stone Wall |
| 24:19 | Construir | Stone Wall |
| 24:22 | Construir | Stone Wall |
| 24:28 | Construir | Stone Wall |
| 25:06 | Construir | House |
| 25:07 | Construir | House |
| 25:08 | Construir | House |
| 25:11 | Construir | House |
| 25:13 | Construir | House |
| 25:16 | Edad | Edad de los Castillos |
| 25:19 | Crear | Villager (Male) |
| 25:20 | Investigar | Hand Cart |
| 25:28 | Construir | Town Center |
| 25:45 | Crear | Villager (Male) |
| 25:45 | Investigar | Town Patrol |
| 26:00 | Investigar | Forging |
| 26:00 | Investigar | Scale Barding Armor |
| 26:09 | Investigar | Tech 906 |
| 27:09 | Construir | Town Center |
| 27:14 | Crear | Villager (Male) |
| 27:14 | Crear | Villager (Male) |
| 27:24 | Investigar | Husbandry |
| 27:30 | Investigar | Iron Casting |
| 27:36 | Investigar | Gold Mining |
| 27:38 | Investigar | Stone Mining |
| 27:51 | Crear | Fishing Ship |
| 27:51 | Crear | Fishing Ship |
| 27:53 | Crear | Fishing Ship |
| 27:54 | Crear | Fishing Ship |
| 27:56 | Crear | Villager (Male) |
| 27:56 | Crear | Villager (Male) |
| 28:09 | Crear | Trade Cart |
| 28:32 | Crear | Villager (Male) |
| 28:34 | Crear | Villager (Male) |
| 28:36 | Crear | Villager (Male) |
| 28:40 | Investigar | Caravan |
| 28:47 | Investigar | Fletching |
| 28:49 | Investigar | Bow Saw |
| 29:02 | Construir | Lumber Camp |
| 29:06 | Crear | Villager (Male) |
| 29:07 | Crear | Villager (Male) |
| 29:08 | Crear | Villager (Male) |
| 29:20 | Construir | Farm |
| 29:39 | Construir | Fish Trap |
| 29:47 | Construir | Fish Trap |
Build order — Arantum
Primeras 150 de 541 acciones detectadas
| 0:03 | Construir | House |
| 0:05 | Construir | House |
| 0:05 | Crear | Villager (Male) |
| 0:06 | Crear | Villager (Male) |
| 0:06 | Crear | Villager (Male) |
| 0:06 | Crear | Villager (Male) |
| 0:06 | Crear | Villager (Male) |
| 0:21 | Construir | House |
| 1:18 | Construir | Palisade Wall |
| 1:28 | Crear | Villager (Male) |
| 1:59 | Construir | Lumber Camp |
| 2:21 | Construir | Palisade Wall |
| 2:28 | Construir | Palisade Wall |
| 2:30 | Construir | Palisade Wall |
| 2:32 | Construir | Palisade Wall |
| 2:47 | Crear | Villager (Male) |
| 2:47 | Crear | Villager (Male) |
| 3:11 | Construir | Palisade Wall |
| 3:39 | Crear | Villager (Male) |
| 4:19 | Crear | Villager (Male) |
| 4:30 | Crear | Villager (Male) |
| 5:38 | Construir | Mill |
| 5:39 | Crear | Villager (Male) |
| 5:39 | Crear | Villager (Male) |
| 5:39 | Crear | Villager (Male) |
| 5:43 | Construir | House |
| 6:10 | Construir | House |
| 6:39 | Crear | Villager (Male) |
| 7:00 | Crear | Villager (Male) |
| 7:00 | Crear | Villager (Male) |
| 7:00 | Crear | Villager (Male) |
| 7:01 | Crear | Villager (Male) |
| 7:49 | Crear | Villager (Male) |
| 7:49 | Crear | Villager (Male) |
| 7:49 | Crear | Villager (Male) |
| 8:12 | Construir | Mining Camp |
| 8:30 | Crear | Villager (Male) |
| 8:30 | Crear | Villager (Male) |
| 9:32 | Construir | Mining Camp |
| 9:45 | Crear | Villager (Male) |
| 9:46 | Crear | Villager (Male) |
| 9:51 | Construir | House |
| 9:52 | Construir | House |
| 11:12 | Construir | Dock |
| 11:24 | Investigar | Feudal Age |
| 11:46 | Construir | Farm |
| 12:09 | Construir | Farm |
| 12:11 | Construir | Farm |
| 12:26 | Crear | Villager (Male) |
| 12:44 | Crear | Fishing Ship |
| 13:30 | Crear | Fishing Ship |
| 13:32 | Crear | Fishing Ship |
| 13:39 | Edad | Edad Feudal |
| 13:43 | Construir | Farm |
| 14:00 | Construir | Stone Wall |
| 14:06 | Construir | Gate |
| 14:09 | Construir | Stone Wall |
| 14:34 | Construir | Barracks |
| 14:45 | Investigar | Double-Bit Axe |
| 14:47 | Investigar | Horse Collar |
| 15:00 | Crear | Fishing Ship |
| 15:00 | Crear | Fishing Ship |
| 15:15 | Crear | Villager (Male) |
| 15:16 | Crear | Villager (Male) |
| 15:16 | Crear | Villager (Male) |
| 15:16 | Crear | Villager (Male) |
| 15:16 | Crear | Villager (Male) |
| 15:17 | Crear | Villager (Male) |
| 15:17 | Crear | Villager (Male) |
| 15:28 | Construir | House |
| 15:29 | Construir | House |
| 15:30 | Construir | House |
| 15:31 | Construir | House |
| 15:32 | Construir | House |
| 15:33 | Construir | House |
| 15:55 | Construir | Stone Wall |
| 16:35 | Construir | Blacksmith |
| 16:47 | Construir | Farm |
| 16:50 | Crear | Villager (Male) |
| 16:50 | Crear | Villager (Male) |
| 16:50 | Crear | Villager (Male) |
| 17:02 | Construir | Lumber Camp |
| 17:22 | Construir | Farm |
| 17:24 | Construir | Farm |
| 17:42 | Crear | Villager (Male) |
| 17:57 | Construir | Farm |
| 18:16 | Construir | Farm |
| 18:31 | Construir | Market |
| 19:17 | Construir | Archery Range |
| 19:49 | Investigar | Castle Age |
| 22:11 | Construir | Fish Trap |
| 22:13 | Construir | Fish Trap |
| 22:25 | Construir | Fish Trap |
| 22:29 | Edad | Edad de los Castillos |
| 22:31 | Construir | Fish Trap |
| 22:51 | Crear | Villager (Male) |
| 22:51 | Crear | Villager (Male) |
| 22:51 | Crear | Villager (Male) |
| 22:51 | Crear | Villager (Male) |
| 22:51 | Crear | Villager (Male) |
| 22:52 | Crear | Villager (Male) |
| 23:01 | Investigar | Padded Archer Armor |
| 23:02 | Investigar | Fletching |
| 23:32 | Construir | Castle |
| 23:36 | Investigar | Bow Saw |
| 23:38 | Investigar | Heavy Plow |
| 23:44 | Construir | Farm |
| 23:56 | Investigar | Tech 906 |
| 23:59 | Crear | Fishing Ship |
| 23:59 | Crear | Fishing Ship |
| 23:59 | Crear | Fishing Ship |
| 24:14 | Crear | Trade Cart |
| 24:14 | Crear | Trade Cart |
| 24:15 | Crear | Trade Cart |
| 24:33 | Investigar | Bodkin Arrow |
| 24:33 | Investigar | Leather Archer Armor |
| 24:42 | Construir | Archery Range |
| 25:02 | Construir | Fish Trap |
| 25:11 | Investigar | Gold Mining |
| 25:12 | Investigar | Stone Mining |
| 25:20 | Construir | Lumber Camp |
| 25:39 | Construir | Fish Trap |
| 26:07 | Crear | Villager (Male) |
| 26:08 | Crear | Villager (Male) |
| 26:08 | Crear | Villager (Male) |
| 26:08 | Crear | Villager (Male) |
| 26:13 | Investigar | Wheelbarrow |
| 26:14 | Crear | Villager (Male) |
| 26:14 | Crear | Villager (Male) |
| 26:24 | Construir | Fish Trap |
| 26:25 | Crear | Demolition Raft |
| 26:31 | Investigar | Gillnets |
| 26:45 | Construir | Monastery |
| 27:08 | Construir | Town Center |
| 27:26 | Investigar | Coinage |
| 27:28 | Investigar | Caravan |
| 27:36 | Crear | Monk |
| 27:59 | Crear | Fishing Ship |
| 29:01 | Investigar | Thumb Ring |
| 29:03 | Investigar | Elite Skirmisher (upgrade) |
| 29:12 | Investigar | Stone Shaft Mining |
| 29:52 | Investigar | Hand Cart |
| 29:54 | Investigar | Town Watch |
| 30:02 | Construir | Outpost |
| 30:37 | Crear | Villager (Male) |
| 30:37 | Crear | Villager (Male) |
| 30:38 | Crear | Villager (Male) |
| 30:38 | Crear | Villager (Male) |
| 30:38 | Crear | Villager (Male) |
| 30:38 | Crear | Villager (Male) |
Build order — Gyaterson Willjum Chode
Primeras 150 de 464 acciones detectadas
| 0:04 | Construir | House |
| 0:06 | Construir | House |
| 0:07 | Crear | Villager (Male) ×4 |
| 0:07 | Crear | Villager (Male) ×4 |
| 1:37 | Crear | Villager (Male) |
| 2:06 | Construir | Lumber Camp |
| 2:24 | Crear | Villager (Male) |
| 2:28 | Crear | Villager (Male) |
| 2:48 | Crear | Villager (Male) |
| 3:23 | Construir | House |
| 4:13 | Crear | Villager (Male) |
| 4:13 | Crear | Villager (Male) |
| 4:41 | Crear | Villager (Male) |
| 4:42 | Crear | Villager (Male) |
| 5:34 | Construir | Mill |
| 5:51 | Crear | Villager (Male) |
| 5:52 | Crear | Villager (Male) |
| 5:52 | Crear | Villager (Male) |
| 6:47 | Construir | Farm |
| 6:47 | Construir | Farm |
| 6:47 | Construir | Farm |
| 6:48 | Construir | Farm |
| 6:48 | Construir | Farm |
| 6:48 | Construir | Farm |
| 6:59 | Construir | House |
| 7:07 | Crear | Villager (Male) |
| 7:24 | Construir | Farm |
| 7:24 | Construir | Farm |
| 7:37 | Crear | Villager (Male) |
| 7:37 | Crear | Villager (Male) |
| 8:43 | Crear | Villager (Male) |
| 8:44 | Crear | Villager (Male) |
| 9:51 | Investigar | Feudal Age |
| 9:51 | Investigar | Feudal Age |
| 10:24 | Construir | Mining Camp |
| 11:12 | Crear | Villager (Male) |
| 11:13 | Crear | Villager (Male) |
| 11:38 | Construir | Mining Camp |
| 12:01 | Edad | Edad Feudal |
| 12:01 | Investigar | Gold Mining |
| 12:02 | Investigar | Gold Mining |
| 12:05 | Investigar | Horse Collar |
| 12:11 | Construir | House |
| 12:26 | Investigar | Double-Bit Axe |
| 12:38 | Crear | Villager (Male) |
| 12:52 | Crear | Villager (Male) |
| 13:15 | Construir | Farm |
| 13:16 | Construir | Farm |
| 13:16 | Construir | Farm |
| 13:16 | Construir | Farm |
| 13:16 | Construir | Farm |
| 13:16 | Construir | Farm |
| 13:17 | Construir | Farm |
| 13:35 | Construir | Farm |
| 14:02 | Crear | Villager (Male) |
| 14:03 | Crear | Villager (Male) |
| 14:22 | Construir | Mining Camp |
| 14:34 | Crear | Villager (Male) |
| 14:40 | Construir | House |
| 15:12 | Construir | Farm |
| 15:12 | Construir | Farm |
| 16:02 | Investigar | Castle Age |
| 17:57 | Construir | Farm |
| 18:42 | Edad | Edad de los Castillos |
| 18:46 | Construir | Town Center |
| 19:06 | Crear | Villager (Male) |
| 19:07 | Crear | Villager (Male) |
| 19:07 | Crear | Villager (Male) |
| 19:08 | Crear | Villager (Male) |
| 19:17 | Construir | Town Center |
| 19:23 | Crear | Villager (Male) |
| 19:48 | Investigar | Gold Shaft Mining |
| 20:13 | Construir | House |
| 20:32 | Crear | Villager (Male) ×5 |
| 20:39 | Crear | Villager (Male) |
| 20:40 | Crear | Villager (Male) |
| 20:40 | Crear | Villager (Male) |
| 21:13 | Crear | Villager (Male) |
| 21:30 | Construir | Market |
| 21:37 | Crear | Villager (Male) |
| 21:38 | Crear | Villager (Male) |
| 21:58 | Construir | Blacksmith |
| 22:02 | Crear | Villager (Male) |
| 22:06 | Crear | Villager (Male) |
| 22:06 | Crear | Villager (Male) |
| 22:10 | Construir | Farm |
| 22:11 | Construir | Farm |
| 22:11 | Construir | Farm |
| 22:11 | Construir | Farm |
| 22:34 | Construir | Farm |
| 22:46 | Investigar | Scale Barding Armor |
| 23:01 | Crear | Villager (Male) |
| 23:07 | Crear | Villager (Male) |
| 23:16 | Crear | Villager (Male) |
| 23:16 | Crear | Villager (Male) |
| 23:33 | Construir | House |
| 23:47 | Crear | Villager (Male) |
| 23:48 | Crear | Villager (Male) |
| 23:55 | Crear | Villager (Male) |
| 23:55 | Crear | Villager (Male) |
| 24:02 | Construir | House |
| 24:09 | Construir | House |
| 24:19 | Crear | Villager (Male) |
| 24:19 | Crear | Villager (Male) |
| 24:27 | Construir | Farm |
| 24:27 | Construir | Farm |
| 24:28 | Construir | Farm |
| 24:28 | Construir | Farm |
| 25:02 | Construir | Castle |
| 25:09 | Crear | Villager (Male) |
| 25:32 | Crear | Villager (Male) |
| 25:53 | Investigar | Loom |
| 25:56 | Investigar | Wheelbarrow |
| 25:59 | Crear | Villager (Male) |
| 25:59 | Crear | Villager (Male) |
| 26:02 | Crear | Villager (Male) |
| 26:03 | Crear | Villager (Male) |
| 26:06 | Construir | Farm |
| 26:06 | Construir | Farm |
| 26:06 | Construir | Farm |
| 26:06 | Construir | Farm |
| 26:07 | Construir | Farm |
| 26:11 | Crear | Villager (Male) |
| 26:20 | Construir | Town Center |
| 26:40 | Construir | House |
| 26:41 | Construir | House |
| 26:43 | Construir | House |
| 26:44 | Construir | House |
| 26:45 | Construir | House |
| 26:55 | Crear | Villager (Male) |
| 26:55 | Crear | Villager (Male) |
| 26:57 | Crear | Villager (Male) |
| 26:58 | Crear | Villager (Male) |
| 27:10 | Investigar | Loom |
| 27:14 | Crear | Villager (Male) |
| 27:14 | Crear | Villager (Male) |
| 27:32 | Investigar | Bow Saw |
| 27:32 | Investigar | Bow Saw |
| 28:08 | Crear | Villager (Male) |
| 28:08 | Crear | Villager (Male) |
| 28:16 | Construir | Farm |
| 28:16 | Construir | Farm |
| 28:16 | Construir | Farm |
| 28:16 | Construir | Farm |
| 28:32 | Construir | Lumber Camp |
| 28:36 | Crear | Villager (Male) ×5 |
| 28:54 | Investigar | Stone Mining |
| 29:04 | Crear | Villager (Male) |
| 29:05 | Crear | Villager (Male) |
| 29:05 | Crear | Villager (Male) |
Build order — nesliq9028
Primeras 150 de 684 acciones detectadas
| 0:02 | Crear | Villager (Male) |
| 0:02 | Crear | Villager (Male) |
| 0:05 | Construir | House |
| 0:07 | Construir | House |
| 0:08 | Crear | Villager (Male) |
| 0:09 | Crear | Villager (Male) |
| 0:09 | Crear | Villager (Male) |
| 0:10 | Crear | Villager (Male) |
| 0:29 | Investigar | Loom |
| 1:35 | Crear | Villager (Male) |
| 1:36 | Crear | Villager (Male) |
| 2:06 | Crear | Villager (Male) |
| 2:06 | Crear | Villager (Male) |
| 2:36 | Crear | Villager (Male) |
| 2:37 | Crear | Villager (Male) |
| 3:41 | Crear | Villager (Male) |
| 3:42 | Crear | Villager (Male) |
| 3:51 | Construir | House |
| 3:52 | Construir | House |
| 3:58 | Construir | Lumber Camp |
| 4:51 | Crear | Villager (Male) |
| 4:51 | Crear | Villager (Male) |
| 5:53 | Crear | Villager (Male) |
| 5:53 | Crear | Villager (Male) |
| 6:19 | Construir | Mill |
| 6:30 | Crear | Villager (Male) |
| 6:31 | Crear | Villager (Male) |
| 6:56 | Crear | Villager (Male) |
| 7:40 | Crear | Villager (Male) |
| 7:50 | Crear | Villager (Male) |
| 7:57 | Crear | Villager (Male) |
| 8:40 | Construir | Farm |
| 8:40 | Construir | Farm |
| 8:41 | Construir | Farm |
| 8:43 | Construir | Farm |
| 9:02 | Crear | Villager (Male) |
| 9:20 | Construir | House |
| 9:29 | Construir | House |
| 9:37 | Crear | Villager (Male) |
| 9:37 | Crear | Villager (Male) |
| 10:21 | Investigar | Feudal Age |
| 10:22 | Investigar | Feudal Age |
| 10:22 | Investigar | Feudal Age |
| 10:35 | Crear | Villager (Male) |
| 10:36 | Crear | Villager (Male) |
| 11:07 | Construir | Mining Camp |
| 12:39 | Crear | Villager (Male) |
| 12:39 | Crear | Villager (Male) |
| 12:43 | Investigar | Wheelbarrow |
| 13:16 | Construir | Lumber Camp |
| 13:26 | Construir | Barracks |
| 14:25 | Crear | Villager (Male) |
| 14:26 | Crear | Villager (Male) |
| 14:33 | Crear | Villager (Male) |
| 15:02 | Crear | Villager (Male) |
| 15:18 | Construir | Blacksmith |
| 15:33 | Construir | Market |
| 15:47 | Crear | Villager (Male) |
| 16:07 | Investigar | Double-Bit Axe |
| 16:20 | Construir | Mining Camp |
| 16:27 | Crear | Villager (Male) |
| 16:28 | Crear | Villager (Male) |
| 16:38 | Construir | House |
| 16:40 | Construir | House |
| 16:42 | Construir | House |
| 16:43 | Construir | House |
| 16:50 | Investigar | Castle Age |
| 17:19 | Crear | Villager (Male) |
| 17:19 | Crear | Villager (Male) |
| 17:38 | Construir | Farm |
| 18:54 | Construir | Stone Wall |
| 19:04 | Construir | Gate |
| 19:15 | Construir | Archery Range |
| 19:17 | Construir | Archery Range |
| 19:23 | Construir | Archery Range |
| 19:33 | Construir | Farm |
| 19:38 | Construir | Farm |
| 19:42 | Crear | Villager (Male) |
| 19:58 | Construir | Archery Range |
| 20:02 | Construir | Archery Range |
| 21:09 | Crear | Villager (Male) |
| 21:09 | Crear | Villager (Male) |
| 21:09 | Crear | Villager (Male) |
| 21:10 | Crear | Villager (Male) |
| 22:04 | Crear | Archer |
| 22:05 | Crear | Archer |
| 22:05 | Crear | Archer |
| 22:05 | Crear | Archer |
| 22:33 | Construir | Monastery |
| 22:52 | Construir | Mining Camp |
| 23:23 | Crear | Skirmisher |
| 23:23 | Crear | Skirmisher |
| 23:23 | Crear | Skirmisher |
| 23:31 | Crear | Skirmisher |
| 23:31 | Crear | Skirmisher |
| 23:31 | Crear | Skirmisher |
| 23:31 | Crear | Skirmisher |
| 23:32 | Crear | Skirmisher |
| 23:32 | Crear | Skirmisher |
| 23:32 | Crear | Skirmisher |
| 23:32 | Crear | Skirmisher |
| 23:33 | Crear | Skirmisher |
| 23:33 | Crear | Skirmisher |
| 23:33 | Crear | Skirmisher |
| 23:35 | Crear | Skirmisher |
| 23:35 | Crear | Skirmisher |
| 23:49 | Crear | Monk |
| 23:56 | Crear | Villager (Male) |
| 23:56 | Crear | Villager (Male) |
| 23:56 | Crear | Villager (Male) |
| 23:56 | Crear | Villager (Male) |
| 23:57 | Crear | Villager (Male) |
| 24:33 | Crear | Skirmisher |
| 24:33 | Crear | Skirmisher |
| 24:34 | Crear | Skirmisher |
| 24:37 | Crear | Skirmisher |
| 24:37 | Crear | Skirmisher |
| 24:38 | Crear | Skirmisher |
| 24:40 | Crear | Skirmisher |
| 24:40 | Crear | Skirmisher |
| 24:40 | Crear | Skirmisher |
| 24:52 | Construir | House |
| 24:54 | Construir | House |
| 24:55 | Construir | House |
| 24:55 | Construir | House |
| 24:56 | Construir | House |
| 24:57 | Construir | House |
| 24:57 | Construir | House |
| 24:57 | Construir | House |
| 24:58 | Construir | House |
| 24:58 | Construir | House |
| 24:59 | Construir | House |
| 26:15 | Crear | Villager (Male) |
| 26:15 | Crear | Villager (Male) |
| 26:15 | Crear | Villager (Male) |
| 26:16 | Crear | Villager (Male) |
| 26:16 | Crear | Villager (Male) |
| 26:21 | Investigar | Bow Saw |
| 26:36 | Crear | Spearman |
| 26:36 | Crear | Spearman |
| 26:42 | Crear | Skirmisher |
| 26:42 | Crear | Skirmisher |
| 26:43 | Crear | Skirmisher |
| 28:27 | Construir | House |
| 28:29 | Construir | House |
| 28:30 | Construir | House |
| 28:31 | Construir | House |
| 28:55 | Construir | Siege Workshop |
| 29:15 | Crear | Villager (Male) |
| 29:15 | Crear | Villager (Male) |
Build order — Topel
79 acciones detectadas en el replay
| 0:02 | Construir | House |
| 0:04 | Construir | House |
| 0:05 | Crear | Villager (Male) |
| 0:05 | Crear | Villager (Male) |
| 0:05 | Crear | Villager (Male) |
| 0:05 | Crear | Villager (Male) |
| 0:06 | Crear | Villager (Male) |
| 0:06 | Crear | Villager (Male) |
| 1:46 | Construir | Lumber Camp |
| 1:54 | Crear | Villager (Male) |
| 2:21 | Crear | Villager (Male) |
| 2:22 | Crear | Villager (Male) |
| 2:55 | Construir | House |
| 3:01 | Crear | Villager (Male) |
| 3:45 | Construir | Mill |
| 3:46 | Crear | Villager (Male) |
| 3:46 | Crear | Villager (Male) |
| 3:46 | Crear | Villager (Male) |
| 4:32 | Crear | Villager (Male) |
| 5:10 | Crear | Villager (Male) |
| 5:10 | Crear | Villager (Male) |
| 5:21 | Crear | Villager (Male) |
| 5:21 | Crear | Villager (Male) |
| 5:35 | Crear | Villager (Male) |
| 5:55 | Crear | Villager (Male) |
| 5:56 | Crear | Villager (Male) |
| 6:08 | Crear | Villager (Male) |
| 6:29 | Construir | Lumber Camp |
| 6:54 | Construir | House |
| 7:35 | Investigar | Loom |
| 8:04 | Investigar | Feudal Age |
| 8:37 | Construir | Palisade Wall |
| 8:49 | Crear | Villager (Male) |
| 8:49 | Crear | Villager (Male) |
| 9:19 | Crear | Villager (Male) |
| 10:01 | Construir | House |
| 10:08 | Edad | Edad Feudal |
| 10:08 | Investigar | Horse Collar |
| 10:08 | Investigar | Horse Collar |
| 10:11 | Investigar | Double-Bit Axe |
| 10:41 | Construir | Farm |
| 10:41 | Construir | Farm |
| 10:41 | Construir | Farm |
| 10:42 | Construir | Farm |
| 10:42 | Construir | Farm |
| 10:57 | Construir | Mill |
| 11:21 | Crear | Villager (Male) |
| 11:22 | Crear | Villager (Male) |
| 11:22 | Crear | Villager (Male) |
| 11:24 | Crear | Villager (Male) |
| 11:49 | Construir | Mining Camp |
| 12:38 | Construir | Market |
| 12:55 | Construir | Blacksmith |
| 13:09 | Investigar | Gold Mining |
| 15:02 | Investigar | Castle Age |
| 15:02 | Investigar | Castle Age |
| 15:06 | Crear | Villager (Male) |
| 15:47 | Construir | Mining Camp |
| 16:04 | Crear | Villager (Male) |
| 16:04 | Crear | Villager (Male) |
| 16:51 | Construir | House |
| 16:52 | Construir | House |
| 16:52 | Construir | House |
| 17:27 | Edad | Edad de los Castillos |
| 17:29 | Crear | Villager (Male) |
| 17:29 | Crear | Villager (Male) |
| 17:30 | Crear | Villager (Male) |
| 17:34 | Investigar | Stone Mining |
| 17:47 | Construir | Stone Wall |
| 18:01 | Construir | Town Center |
| 18:52 | Construir | Town Center |
| 18:56 | Investigar | Bow Saw |
| 19:18 | Crear | Villager (Male) |
| 19:18 | Crear | Villager (Male) |
| 19:18 | Crear | Villager (Male) |
| 19:25 | Crear | Villager (Male) |
| 19:25 | Crear | Villager (Male) |
| 19:26 | Crear | Villager (Male) |
| 19:37 | Construir | Mining Camp |
Cronología de la partida
| 1:18 | Arantum · wall_segment Palisade Wall x5 |
| 1:43 | CANAVAR · wall_segment Palisade Wall x25 |
| 2:21 | Arantum · wall_segment Palisade Wall x6 |
| 2:28 | Arantum · wall_segment Palisade Wall x1 |
| 2:30 | Arantum · wall_segment Palisade Wall x1 |
| 2:32 | Arantum · wall_segment Palisade Wall x1 |
| 3:11 | Arantum · wall_segment Palisade Wall x4 |
| 8:37 | Topel · wall_segment Palisade Wall x5 |
| 8:56 | CANAVAR · wall_segment Palisade Wall x25 |
| 9:49 | CANAVAR · wall_segment Palisade Wall x1 |
| 10:08 | Topel · age_up feudal |
| 10:09 | dre · age_up feudal |
| 11:12 | Arantum · first_building Dock |
| 12:01 | Gyaterson Willjum Chode · age_up feudal |
| 13:26 | nesliq9028 · first_building Barracks |
| 13:39 | Arantum · age_up feudal |
| 14:00 | Arantum · wall_segment Stone Wall x6 |
| 14:09 | Arantum · wall_segment Stone Wall x1 |
| 14:31 | CANAVAR · age_up feudal |
| 14:34 | Arantum · first_building Barracks |
| 15:17 | CANAVAR · wall_segment Stone Wall x27 |
| 15:55 | Arantum · wall_segment Stone Wall x1 |
| 16:42 | dre · first_market_sell 100 food |
| 17:18 | CANAVAR · first_building Dock |
| 17:27 | Topel · age_up castle |
| 17:47 | Topel · wall_segment Stone Wall x7 |
| 18:42 | Gyaterson Willjum Chode · age_up castle |
| 18:54 | nesliq9028 · wall_segment Stone Wall x12 |
| 19:12 | CANAVAR · wall_segment Palisade Wall x1 |
| 19:15 | CANAVAR · wall_segment Palisade Wall x1 |
| 19:15 | nesliq9028 · first_building Archery Range |
| 19:17 | Arantum · first_building Archery Range |
| 19:23 | dre · age_up castle |
| 19:35 | CANAVAR · first_building Barracks |
| 20:10 | dre · first_building Monastery |
| 20:27 | Topel · resign |
| 22:29 | Arantum · age_up castle |
| 22:33 | nesliq9028 · first_building Monastery |
| 22:56 | CANAVAR · first_building Stable |
| 23:23 | CANAVAR · wall_segment Stone Wall x1 |
| 23:32 | Arantum · first_building Castle |
| 23:50 | CANAVAR · wall_segment Stone Wall x7 |
| 24:15 | CANAVAR · wall_segment Stone Wall x2 |
| 24:19 | CANAVAR · wall_segment Stone Wall x7 |
| 24:22 | CANAVAR · wall_segment Stone Wall x5 |
| 24:28 | CANAVAR · wall_segment Stone Wall x3 |
| 25:02 | Gyaterson Willjum Chode · first_building Castle |
| 25:16 | CANAVAR · age_up castle |
| 26:45 | Arantum · first_building Monastery |
| 27:11 | nesliq9028 · first_market_buy 100 food |
| 27:16 | dre · first_building Castle |
| 28:55 | nesliq9028 · first_building Siege Workshop |
| 29:37 | nesliq9028 · first_building Castle |
| 30:24 | Arantum · tribute_sent a jugador 1 |
| 30:24 | Arantum · tribute_sent a jugador 2 |
| 30:24 | Arantum · tribute_sent a jugador 4 |
| 30:24 | Arantum · tribute_sent a jugador 5 |
| 30:24 | Arantum · tribute_sent a jugador 6 |
| 30:34 | dre · first_building Barracks |
| 30:53 | Gyaterson Willjum Chode · first_building Stable |
| 32:03 | dre · first_building Siege Workshop |
| 32:36 | Arantum · tribute_sent a jugador 1 |
| 32:36 | Arantum · tribute_sent a jugador 2 |
| 32:36 | Arantum · tribute_sent a jugador 4 |
| 32:36 | Arantum · tribute_sent a jugador 5 |
| 32:36 | Arantum · tribute_sent a jugador 6 |
| 32:39 | CANAVAR · first_building Monastery |
| 35:10 | CANAVAR · first_market_sell 500 wood |
| 35:17 | Arantum · tribute_sent a jugador 1 |
| 35:17 | Arantum · tribute_sent a jugador 2 |
| 35:17 | Arantum · tribute_sent a jugador 4 |
| 35:17 | Arantum · tribute_sent a jugador 5 |
| 35:17 | Arantum · tribute_sent a jugador 6 |
| 35:28 | Arantum · tribute_sent a jugador 1 |
| 35:28 | Arantum · tribute_sent a jugador 2 |
| 35:28 | Arantum · tribute_sent a jugador 4 |
| 35:28 | Arantum · tribute_sent a jugador 5 |
| 35:28 | Arantum · tribute_sent a jugador 6 |
| 36:08 | CANAVAR · first_building Castle |
| 36:08 | Gyaterson Willjum Chode · first_building Siege Workshop |
| 36:27 | dre · age_up imperial |
| 36:53 | Arantum · tribute_sent a jugador 1 |
| 36:53 | Arantum · tribute_sent a jugador 2 |
| 36:53 | Arantum · tribute_sent a jugador 4 |
| 36:53 | Arantum · tribute_sent a jugador 5 |
| 36:53 | Arantum · tribute_sent a jugador 6 |
| 37:02 | Arantum · age_up imperial |
| 37:20 | CANAVAR · age_up imperial |
| 37:21 | dre · first_building Stable |
| 38:20 | Gyaterson Willjum Chode · age_up imperial |
| 38:49 | dre · first_market_buy 500 food |
| 40:42 | Arantum · tribute_sent a jugador 1 |
| 40:42 | Arantum · tribute_sent a jugador 2 |
| 40:42 | Arantum · tribute_sent a jugador 4 |
| 40:42 | Arantum · tribute_sent a jugador 5 |
| 40:42 | Arantum · tribute_sent a jugador 6 |
| 43:47 | Arantum · wall_segment Stone Wall x9 |
| 44:47 | Arantum · tribute_sent a jugador 1 |
| 44:47 | Arantum · tribute_sent a jugador 2 |
| 44:47 | Arantum · tribute_sent a jugador 4 |
| 44:47 | Arantum · tribute_sent a jugador 5 |
| 44:47 | Arantum · tribute_sent a jugador 6 |
| 44:52 | Arantum · tribute_sent a jugador 1 |
| 44:52 | Arantum · tribute_sent a jugador 2 |
| 44:52 | Arantum · tribute_sent a jugador 4 |
| 44:52 | Arantum · tribute_sent a jugador 5 |
| 44:52 | Arantum · tribute_sent a jugador 6 |
| 48:31 | Arantum · wall_segment Stone Wall x1 |
| 50:09 | Arantum · tribute_sent a jugador 1 |
| 50:09 | Arantum · tribute_sent a jugador 2 |
| 50:09 | Arantum · tribute_sent a jugador 4 |
| 50:09 | Arantum · tribute_sent a jugador 5 |
| 50:09 | Arantum · tribute_sent a jugador 6 |
| 50:17 | Arantum · tribute_sent a jugador 1 |
| 50:17 | Arantum · tribute_sent a jugador 2 |
| 50:17 | Arantum · tribute_sent a jugador 4 |
| 50:17 | Arantum · tribute_sent a jugador 5 |
| 50:17 | Arantum · tribute_sent a jugador 6 |
| 51:00 | Arantum · first_building Siege Workshop |
| 51:27 | Arantum · wall_segment Stone Wall x1 |
| 52:12 | Arantum · wall_segment Stone Wall x4 |
| 52:14 | Arantum · wall_segment Stone Wall x1 |
| 53:01 | Arantum · tribute_sent a jugador 1 |
| 53:01 | Arantum · tribute_sent a jugador 2 |
| 53:01 | Arantum · tribute_sent a jugador 4 |
| 53:01 | Arantum · tribute_sent a jugador 5 |
| 53:01 | Arantum · tribute_sent a jugador 6 |
| 55:18 | Arantum · wall_segment Stone Wall x6 |
| 55:21 | Arantum · wall_segment Stone Wall x3 |
| 55:24 | Arantum · wall_segment Stone Wall x5 |
| 55:26 | Arantum · wall_segment Stone Wall x4 |
| 55:56 | Arantum · wall_segment Stone Wall x8 |
| 56:01 | Arantum · wall_segment Stone Wall x3 |
| 56:03 | Arantum · wall_segment Stone Wall x5 |
| 56:08 | Arantum · wall_segment Stone Wall x8 |
| 57:16 | CANAVAR · tribute_sent a jugador 2 |
| 57:16 | CANAVAR · tribute_sent a jugador 3 |
| 57:16 | CANAVAR · tribute_sent a jugador 4 |
| 57:16 | CANAVAR · tribute_sent a jugador 5 |
| 57:16 | CANAVAR · tribute_sent a jugador 6 |
| 57:24 | CANAVAR · tribute_sent a jugador 2 |
| 57:24 | CANAVAR · tribute_sent a jugador 3 |
| 57:24 | CANAVAR · tribute_sent a jugador 4 |
| 57:24 | CANAVAR · tribute_sent a jugador 5 |
| 57:24 | CANAVAR · tribute_sent a jugador 6 |
| 58:25 | Arantum · wall_segment Stone Wall x1 |
| 58:30 | Arantum · wall_segment Stone Wall x1 |
| 63:27 | CANAVAR · wall_segment Stone Wall x9 |
| 63:52 | Arantum · tribute_sent a jugador 1 |
| 63:52 | Arantum · tribute_sent a jugador 2 |
| 63:52 | Arantum · tribute_sent a jugador 4 |
| 63:52 | Arantum · tribute_sent a jugador 5 |
| 63:52 | Arantum · tribute_sent a jugador 6 |
| 63:56 | Arantum · first_market_sell 500 food |
| 64:06 | Arantum · tribute_sent a jugador 1 |
| 64:06 | Arantum · tribute_sent a jugador 2 |
| 64:06 | Arantum · tribute_sent a jugador 4 |
| 64:06 | Arantum · tribute_sent a jugador 5 |
| 64:06 | Arantum · tribute_sent a jugador 6 |
| 64:12 | Arantum · tribute_sent a jugador 1 |
| 64:12 | Arantum · tribute_sent a jugador 2 |
| 64:12 | Arantum · tribute_sent a jugador 4 |
| 64:12 | Arantum · tribute_sent a jugador 5 |
| 64:12 | Arantum · tribute_sent a jugador 6 |
| 64:34 | Arantum · wall_segment Stone Wall x1 |
| 68:17 | Arantum · wall_segment Stone Wall x1 |
| 71:03 | Arantum · tribute_sent a jugador 1 |
| 71:03 | Arantum · tribute_sent a jugador 2 |
| 71:03 | Arantum · tribute_sent a jugador 4 |
| 71:03 | Arantum · tribute_sent a jugador 5 |
| 71:03 | Arantum · tribute_sent a jugador 6 |
| 71:48 | CANAVAR · first_building Siege Workshop |
| 72:46 | Arantum · wall_segment Stone Wall x4 |
| 75:41 | Arantum · wall_segment Stone Wall x1 |
| 75:44 | Arantum · wall_segment Stone Wall x1 |
| 76:00 | nesliq9028 · tribute_sent a jugador 1 |
| 76:00 | nesliq9028 · tribute_sent a jugador 2 |
| 76:00 | nesliq9028 · tribute_sent a jugador 3 |
| 76:00 | nesliq9028 · tribute_sent a jugador 4 |
| 76:00 | nesliq9028 · tribute_sent a jugador 6 |
| 76:06 | Arantum · tribute_sent a jugador 1 |
| 76:06 | Arantum · tribute_sent a jugador 2 |
| 76:06 | Arantum · tribute_sent a jugador 4 |
| 76:06 | Arantum · tribute_sent a jugador 5 |
| 76:06 | Arantum · tribute_sent a jugador 6 |
| 77:28 | Arantum · wall_segment Stone Wall x10 |
| 77:30 | Arantum · wall_segment Stone Wall x9 |
| 77:32 | Arantum · wall_segment Stone Wall x7 |
| 78:51 | Arantum · wall_segment Stone Wall x11 |
| 78:56 | Arantum · wall_segment Stone Wall x9 |
| 79:04 | Arantum · wall_segment Stone Wall x8 |
| 79:27 | Arantum · tribute_sent a jugador 1 |
| 79:27 | Arantum · tribute_sent a jugador 2 |
| 79:27 | Arantum · tribute_sent a jugador 4 |
| 79:27 | Arantum · tribute_sent a jugador 5 |
| 79:27 | Arantum · tribute_sent a jugador 6 |
| 79:31 | nesliq9028 · tribute_sent a jugador 1 |
| 79:31 | nesliq9028 · tribute_sent a jugador 2 |
| 79:31 | nesliq9028 · tribute_sent a jugador 3 |
| 79:31 | nesliq9028 · tribute_sent a jugador 4 |
| 79:31 | nesliq9028 · tribute_sent a jugador 6 |
| 81:50 | Arantum · wall_segment Stone Wall x9 |
| 82:40 | Arantum · wall_segment Stone Wall x6 |
| 82:47 | nesliq9028 · first_market_sell 100 food |
| 83:14 | Arantum · wall_segment Stone Wall x9 |
| 83:25 | Arantum · first_market_buy 100 stone |
| 83:30 | Arantum · tribute_sent a jugador 1 |
| 83:30 | Arantum · tribute_sent a jugador 2 |
| 83:30 | Arantum · tribute_sent a jugador 4 |
| 83:30 | Arantum · tribute_sent a jugador 5 |
| 83:30 | Arantum · tribute_sent a jugador 6 |
| 83:34 | nesliq9028 · tribute_sent a jugador 1 |
| 83:34 | nesliq9028 · tribute_sent a jugador 2 |
| 83:34 | nesliq9028 · tribute_sent a jugador 3 |
| 83:34 | nesliq9028 · tribute_sent a jugador 4 |
| 83:34 | nesliq9028 · tribute_sent a jugador 6 |
| 85:37 | Arantum · tribute_sent a jugador 1 |
| 85:37 | Arantum · tribute_sent a jugador 2 |
| 85:37 | Arantum · tribute_sent a jugador 4 |
| 85:37 | Arantum · tribute_sent a jugador 5 |
| 85:37 | Arantum · tribute_sent a jugador 6 |
| 85:38 | nesliq9028 · tribute_sent a jugador 1 |
| 85:38 | nesliq9028 · tribute_sent a jugador 2 |
| 85:38 | nesliq9028 · tribute_sent a jugador 3 |
| 85:38 | nesliq9028 · tribute_sent a jugador 4 |
| 85:38 | nesliq9028 · tribute_sent a jugador 6 |
| 85:43 | Arantum · tribute_sent a jugador 1 |
| 85:43 | Arantum · tribute_sent a jugador 2 |
| 85:43 | Arantum · tribute_sent a jugador 4 |
| 85:43 | Arantum · tribute_sent a jugador 5 |
| 85:43 | Arantum · tribute_sent a jugador 6 |
| 89:15 | CANAVAR · first_market_buy 100 wood |
| 92:02 | Arantum · wall_segment Stone Wall x6 |
| 92:43 | Arantum · tribute_sent a jugador 1 |
| 92:43 | Arantum · tribute_sent a jugador 2 |
| 92:43 | Arantum · tribute_sent a jugador 4 |
| 92:43 | Arantum · tribute_sent a jugador 5 |
| 92:43 | Arantum · tribute_sent a jugador 6 |
| 92:47 | nesliq9028 · tribute_sent a jugador 1 |
| 92:47 | nesliq9028 · tribute_sent a jugador 2 |
| 92:47 | nesliq9028 · tribute_sent a jugador 3 |
| 92:47 | nesliq9028 · tribute_sent a jugador 4 |
| 92:47 | nesliq9028 · tribute_sent a jugador 6 |
| 94:42 | Arantum · tribute_sent a jugador 1 |
| 94:42 | Arantum · tribute_sent a jugador 2 |
| 94:42 | Arantum · tribute_sent a jugador 4 |
| 94:42 | Arantum · tribute_sent a jugador 5 |
| 94:42 | Arantum · tribute_sent a jugador 6 |
[ ANÁLISIS IA · 1 CRÉDITO ]
¿Qué pasó realmente en esta partida?
Wolo.gg analiza cada decisión: build order, eco, micro, errores típicos por bracket. Análisis personalizado por WhatsApp o Discord en 30 segundos.
Guía civ
Españoles
Perfil
dre